 Dungeon Crawl Stone Soup version 0.27-a0-797-g27d10ad80f (webtiles) character file.

Game seed: 8107857803671463633

233 polve the Shield-Bearer (level 5, 0/42 HPs)
             Began as a Demonspawn Abyssal Knight on Mar 27, 2021.
             Was a Believer of Lugonu.
             Slain by a scorpion (4 damage)
             ... on level 4 of the Dungeon.
             The game lasted 00:03:26 (4096 turns).

polve the Shield-Bearer (Demonspawn Abyssal Knight) Turns: 4096, Time: 00:03:27

Health: 0/42       AC:  4    Str: 14    XL:     5   Next: 74%
Magic:  6/6        EV: 11    Int: 14    God:    Lugonu [**....]
Gold:   119        SH:  5    Dex: 13    Spells: 4/4 levels left

rFire    . . .     SeeInvis .   m - +0 long sword
rCold    . . .     Faith    .   k - +0 buckler
rNeg     . . .     Spirit   .   b - +0 leather armour
rPois    .         Reflect  .   (no helmet)
rElec    .         Harm     .   (no cloak)
rCorr    .         Rampage  .   (no gloves)
Will     +....                  (no boots)
Stlth    +.........             (no amulet)
HPRegen  0.14/turn              (no ring)
MPRegen  0.20/turn              (no ring)

@: mighty
A: rugged brown scales 1, foul stench 1, magic regeneration, strong-willed 1,
strong 1
a: Renounce Religion, Depart the Abyss, Bend Space


You were on level 4 of the Dungeon.
You worshipped Lugonu.
Lugonu was pleased with you.
You visited 1 branch of the dungeon, and saw 4 of its levels.
You visited the Abyss 1 time.

You collected 119 gold pieces.

Inventory:

Hand Weapons
 m - a +0 long sword (weapon)
Armour
 b - a +0 leather armour (worn)
 g - a +0 pair of boots
 k - a +0 buckler (worn)
Scrolls
 a - 2 scrolls of fog {unknown}
 c - a scroll of acquirement {unknown}
 d - a scroll of noise {unknown}
 e - a scroll of torment {unknown}
 f - 4 scrolls of identify {unknown}
 h - a scroll of amnesia {unknown}
 i - a scroll of enchant weapon {unknown}
 n - a scroll of fear {unknown}
Potions
 o - a potion of mutation


   Skills:
 - Level 3.0 Fighting
 - Level 3.7 Long Blades
 - Level 1.7 Armour
 - Level 0.8 Dodging
 + Level 3.9 Shields
 - Level 2.4 Invocations


You had 4 spell levels left.
You didn't know any spells.
Your spell library contained the following spells:

 Spells                   Type           Power      Damage    Failure   Level
 Confusing Touch          Hex            0%         N/A       73%         3
 Gell's Gravitas          Tloc           0%         N/A       73%         3
 Petrify                  Tmut/Erth      0%         N/A       98%         4
 Metabolic Englaciation   Hex/Ice        0%         N/A       100%        5
 Yara's Violent Unravell  Hex/Tmut       0%         3d3       100%        5


Dungeon Overview and Level Annotations

Branches:
Dungeon (4/15)
 Temple: D:4-7

Altars:
Ru
Trog
Yredelemnul

Annotations:
D:3 1 runed translucent door


Innate Abilities, Weirdness & Mutations

You are partially covered in rugged brown scales. (AC +1, +3% HP)
You may rarely emit foul miasma when damaged in melee.
You regenerate magic rapidly.
You are strong-willed. (Will+)
Your muscles are strong. (Str +2)


Message History

You kill the gnoll!
Lugonu accepts your kill.
It was a potion of might.
You feel very mighty all of a sudden. The gnoll hits you with a +0 club.
You slash the gnoll!
The gnoll is severely wounded.
You block the gnoll's attack.
You closely miss the gnoll.
The gnoll is severely wounded.
The gnoll closely misses you.
You riposte.
You barely miss the gnoll.
The gnoll is severely wounded.
You slash the gnoll!
You kill the gnoll!
Lugonu accepts your kill. You block the scorpion's attack.
You hit the scorpion but do no damage. The scorpion stings you.
You are poisoned.
The scorpion poisons you!
You hit the scorpion.
The scorpion is moderately wounded.
* * * LOW HITPOINT WARNING * * *
You feel very sick. The scorpion closely misses you.
You riposte.
You slash the scorpion!
The scorpion is heavily wounded.
You barely miss the scorpion.
The scorpion is heavily wounded.
You feel sick. The scorpion stings you.
* * * LOW HITPOINT WARNING * * *
The scorpion barely misses you.
You riposte.
You hit the scorpion.
The scorpion is almost dead.
You slash the scorpion!
You kill the scorpion!
Lugonu accepts your kill.
You feel sick.
The scorpion stings you but does no damage.
You barely miss the scorpion.
You feel sick.
You are no longer poisoned.
The scorpion stings you.
You die...

#.≈≈. #.≈.. #####
.≈≈.. ..... ###≈...##
#...# ..≈..≈.# ≈...##
#...≈≈## ####≈....#
..#...#≈≈####..≈≈....#
.≈......≈.s@..≈≈.....+
≈≈≈....#..####.≈#....
###.####### #.≈# . #
#######≈≈# #......≈≈#
#.....≈≈)# #....≈≈≈.#
#.....≈..# #.....<..#


You could see a scorpion.

Vanquished Creatures
  A scorpion (D:4)
  A hound (D:3)
  A human skeleton (D:3)
  3 gnolls (D:4)
  An adder (D:3)
  2 worms
  3 bats (D:1)
  11 endoplasms
  2 giant cockroaches (D:2)
  7 goblins
  8 hobgoblins
  7 jackals (D:2)
  7 quokkas
  7 ball pythons
  3 frilled lizards
  4 kobolds
  10 rats
78 creatures vanquished.

Notes
Turn   | Place    | Note
-------+----------+-------------------------------------------
     0 | Abyss:1  | polve the Demonspawn Abyssal Knight began the quest for the
                  | Orb.
     0 | Abyss:1  | Reached XP level 1. HP: 18/18 MP: 2/2
   120 | Abyss:1  | Noticed a raiju
   120 | Abyss:1  | Noticed a raiju
   121 | D:1      | Escaped the Abyss
   377 | D:1      | Gained mutation: You may rarely emit foul miasma when
                  | damaged in melee. [demonic ancestry]
   377 | D:1      | Reached XP level 2. HP: 24/24 MP: 3/3
   467 | D:1      | Reached * piety under Lugonu
  1198 | D:1      | Gained mutation: You regenerate magic rapidly. [demonic
                  | ancestry]
  1198 | D:1      | Reached XP level 3. HP: 29/29 MP: 4/4
  1559 | D:2      | Found a faded altar of an unknown god.
  1687 | D:2      | Found a sacrificial altar of Ru.
  2312 | D:2      | Reached ** piety under Lugonu
  2882 | D:3      | Gained mutation: You are partially covered in rugged brown
                  | scales. (AC +1, +3% HP) [demonic ancestry]
  2882 | D:3      | Reached XP level 4. HP: 23/36 MP: 5/5
  2884 | D:3      | Reached skill level 1 in Shields
  3300 | D:3      | Found a bloodstained altar of Trog.
  3520 | D:3      | Found a runed translucent door.
  3520 | D:3      | Noticed a human
  3521 | D:3      | Found a basalt altar of Yredelemnul.
  3722 | D:3      | Reached XP level 5. HP: 37/42 MP: 6/6
  3984 | D:3      | Gained mutation: You are strong-willed. (Will+) [potion of
                  | mutation]
  3984 | D:3      | Gained mutation: Your muscles are strong. (Str +2) [potion
                  | of mutation]
  4096 | D:4      | Slain by a scorpion

Illustrated notes

Levels and vault maps discovered:
D:1:      ncdulo_smallfort, layout_basic, minmay_pentomino_r4
D:2:      layout_loops_corners, nicolae_overflow_crystal_walls,
          chequers_ecumenical_altar_simple, minmay_surrounded
D:3:      layout_loops_ring, marbit_many_paths, dk_yredelemnul_ordeal
D:4:      layout_basic, nicolae_overflow_hidden_temple, serial_rivers,
          chequers_serial_rivers_small_a, chequers_serial_rivers_micro_d,
          chequers_serial_rivers_micro_a, chequers_serial_rivers_small_b,
          chequers_serial_rivers_small_a, lightli_ossuary_entry_decrepit_ruins

Skill      XL: |  1  2  3  4  5 |
---------------+----------------+-----
Long Blades    | 2 3 |  3.7
Shields        | 2 3 |  3.9
Fighting       | |  3.0
Armour         | |  1.7
Dodging        | |  0.8
Invocations    | |  2.4

Action                   |  1- 3 |  4- 6 || total
-------------------------+-------+-------++-------
Melee: Falchion          |    91 |       ||    91
       Long sword        |    18 |    74 ||    92
Invok: Depart the Abyss  |     1 |       ||     1
  Use: Potion            |       |     6 ||     6
 Stab: Sleeping          |     3 |     1 ||     4
Armor: Leather armour    |    28 |     9 ||    37
Dodge: Dodged            |    47 |    42 ||    89
Block: Buckler           |     1 |    13 ||    14
       Rpst.: Falchion   |    22 |       ||    22
       Long sword        |     1 |    19 ||    20

Table legend: (Time is in decaauts)
 A = Elapsed time spent in this place.
 B = Non-inter-level travel time spent in this place.
 C = Inter-level travel time spent in this place.
 D = Time resting spent in this place.
 E = Time spent auto-exploring this place.
 F = Levels seen in this place.
 G = Mean time per level.
                   A        B        C        D        E       F      G
               +--------+--------+--------+--------+--------+-----+--------+
         Total |   4147 |   3958 |    189 |      1 |   3422 |   5 |  829.4 |
       Dungeon |   4026 |   3837 |    189 |      1 |   3305 |   4 | 1006.5 |
         Abyss |    121 |    121 |      0 |      0 |    117 |   1 |  121.0 |
               +--------+--------+--------+--------+--------+-----+--------+

Top non-repeatable levels by time:
     D:1: 1374 daAuts
     D:2: 1371 daAuts
     D:3: 1195 daAuts
 Abyss:1: 121 daAuts
     D:4: 85 daAuts
